AoeStats
← ITA | Raffy

African Clearing

504075605Analyzed
4v4 RM · 29d ago on Sep 3, 2026· 48m 25s· 8 players
Game mode
Random Map
Map size
Large (8 player)
Population
200
Speed
Normal
Resources
Standard
Victory
Conquest
Starting age
Dark Age
Ending age
Imperial Age
RankedLock teamsTeams togetherTeam positionsShared explorationLock speedFull tech treeHidden civsTurbo modeCheats
Victory
Defeat
🇺🇸 Malay · United States
1481
+20
🇨🇱 Cumans · Chile
1441
+21
🇨🇳 Mapuche · China
1436
+21
🇨🇱 Magyars · Chile
1400
+22
🇮🇹 Koreans · Italy
1744
-28
1554
-21
1506
-19
🇮🇹 Vietnamese · Italy
1442
-16
Pius X
5:12 Loom
14:46 Feudal Age
15:32 Double-Bit Axe
23:46 Castle Age
22:34 Fishing Lines
23:37 Fletching
28:52 Wheelbarrow
30:38 Horse Collar
32:01 Sanctity
33:37 Hand Cart
33:10 Arson
34:02 Squires
35:28 Bow Saw
35:51 Forging
37:54 Gold Mining
39:08 Iron Casting
41:46 Imperial Age
39:20 Husbandry
42:37 Scale Barding Armor
43:11 Conscription
44:07 Elite Battle Elephant
45:07 Town Watch
47:42 Blast Furnace
46:34 Capped Ram
47:31 Bodkin Arrow
CumanoBorracho92
10:43 Loom
13:23 Feudal Age
21:00 Forging
21:49 Scale Barding Armor
26:39 Castle Age
24:39 Fletching
37:08 Bodkin Arrow
43:36 Double-Bit Axe
44:54 Ballistics
44:30 Capped Ram
48:22 Masonry
48:53 Murder Holes
逸丶然
6:37 Loom
14:16 Feudal Age
18:31 Castle Age
17:24 Fletching
17:22 Double-Bit Axe
17:30 Gold Mining
19:31 Bodkin Arrow
19:23 Town Watch
23:14 Padded Archer Armor
29:14 Ballistics
29:49 Wheelbarrow
30:25 Leather Archer Armor
33:10 Horse Collar
41:22 Imperial Age
40:22 Bow Saw
40:35 Stone Mining
43:05 Chemistry
42:57 Conscription
44:27 Butalmapu
45:35 Malon
45:32 Capped Ram
47:04 Elite Bolas Rider
DD2E D10 Bulldozer
4:12 Loom
13:30 Feudal Age
14:20 Double-Bit Axe
19:23 Horse Collar
20:42 Scale Barding Armor
25:43 Castle Age
25:20 Gold Mining
26:25 Bloodlines
27:45 Wheelbarrow
30:01 Chain Barding Armor
30:25 Husbandry
35:51 Hand Cart
38:00 Heavy Plow
39:11 Stone Mining
39:56 Gold Shaft Mining
43:16 Town Watch
46:59 Imperial Age
45:23 Bow Saw
48:16 Plate Barding Armor
48:04 Conscription
47:07 Cavalier
ITA | CivettaAviotrasportata
10:59 Loom
13:26 Feudal Age
14:47 Double-Bit Axe
18:11 Castle Age
16:59 Gold Mining
21:25 Horse Collar
24:56 Fletching
26:59 Bodkin Arrow
37:13 Wheelbarrow
36:24 Town Watch
40:50 Bow Saw
49:32 Imperial Age
PietroSecchielloDiSabbia
9:34 Loom
11:40 Feudal Age
12:25 Double-Bit Axe
15:23 Horse Collar
26:12 Wheelbarrow
25:23 Town Watch
32:45 Fletching
37:40 Castle Age
44:22 Heavy Plow
MrDJM
11:42 Loom
13:28 Feudal Age
12:57 Loom
14:35 Loom
17:18 Castle Age
15:07 Double-Bit Axe
15:03 Horse Collar
16:19 Fletching
18:04 Horse Collar
18:36 Bow Saw
18:07 Horse Collar
20:54 Bodkin Arrow
24:24 Wheelbarrow
31:38 Ballistics
31:14 Horse Collar
40:08 Town Watch
45:27 Imperial Age
44:26 Bow Saw
44:16 Heavy Plow
46:10 Bracer
47:11 Chemistry
47:20 Conscription
ITA | Raffy
3:22 Loom
12:32 Feudal Age
13:28 Double-Bit Axe
15:45 Gold Mining
18:24 Fletching
20:20 Horse Collar
24:35 Castle Age
23:01 Stone Mining
25:16 Padded Archer Armor
25:48 Crossbowman
26:36 Bodkin Arrow
28:11 Ballistics
32:41 Wheelbarrow
34:47 Stone Shaft Mining
38:53 Hand Cart
44:23 Imperial Age
Connection lost

Rejoining the realm…

Still unreachable

The connection could not be restored.

Session expired

The server has moved on; the page needs a fresh start.